 Dungeon Crawl Stone Soup version 0.28.0 (webtiles) character file.

Game seed: 7358117352220278656

2732 raph the Carver (level 9, -2/111 HPs)
             Began as a Minotaur Berserker on Feb 18, 2022.
             Was a Believer of Trog.
             Slain by a gnoll (3 damage)
             ... on level 7 of the Dungeon.
             The game lasted 00:10:54 (8828 turns).

raph the Carver (Minotaur Berserker)                Turns: 8828, Time: 00:10:54

Health: -2/111     AC:  9    Str: 21    XL:     9   Next: 40%
Magic:  0/8        EV:  9    Int:  4    God:    Trog [**....]
Gold:   277        SH:  4    Dex: 15    Spells: 8/8 levels left

rFire   . . .      SeeInvis .   a - +0 falchion
rCold   . . .      Faith    .   p - +1 buckler
rNeg    . . .      Spirit   +   s - +0 chain mail
rPois   .          Reflect  .   (helmet restricted)
rElec   .          Harm     .   (no cloak)
rCorr   .          Rampage  .   (no gloves)
Will    ++...                   (no boots)
Stlth   ..........              r - amulet of guardian spirit
HPRegen 1.28/turn               (no ring)
MPRegen 0.11/turn               (no ring)

@: berserking (expiring), lethally poisoned (-2 -> -14), marked, strong-willed
(expiring), regenerating (expiring), very quick
A: horns 2, retaliatory headbutt
a: Renounce Religion, Berserk, Trog's Hand


You were on level 7 of the Dungeon.
You worshipped Trog.
Trog was pleased with you.
You visited 1 branch of the dungeon, and saw 7 of its levels.

You collected 277 gold pieces.

Inventory:

Hand Weapons
 a - a +0 falchion (weapon)
Missiles
 f - 3 curare-tipped darts (quivered)
 j - 6 poisoned darts
Armour
 b - a +0 animal skin
 k - a +0 leather armour
 p - a +1 buckler (worn)
 s - a +0 chain mail (worn)
Jewellery
 r - an amulet of guardian spirit (around neck)
 t - a +6 ring of dexterity
Wands
 h - a wand of paralysis (7)
Scrolls
 m - 3 scrolls of teleportation
Potions
 c - a potion of berserk rage
 d - a potion of heal wounds
 e - a potion of invisibility {unknown}
 g - 2 potions of curing
 i - a potion of haste {unknown}
 l - a potion of resistance {unknown}
 n - 2 potions of mutation
 o - a potion of magic {unknown}
 q - a potion of flight {unknown}


   Skills:
 + Level 5.4 Fighting
 - Level 14.0 Long Blades
 + Level 4.7 Armour
 + Level 4.2 Dodging


You had 8 spell levels left.
You didn't know any spells.
Your spell library was empty.

Dungeon Overview and Level Annotations

Branches:
Dungeon (7/15)             Temple (0/1) D:4

Altars:
Fedhas
Qazlal
Sif Muna
Xom

Shops:
D:5 :


Innate Abilities, Weirdness & Mutations

You have a pair of horns on your head.
You reflexively headbutt those who attack you in melee.


Message History

You feel sick. The gnoll closely misses you. x2
Harold hits you with a +0 dire flail!
* * * LOW HITPOINT WARNING * * *
A phantom comes into view.
You slash Harold!
Harold is severely wounded.
You feel very sick.
The gnoll sergeant hits you but does no damage.
You slash Harold!
Harold is almost dead.
You feel sick.
The gnoll hits you from afar with a +0 halberd.
* * * LOW HITPOINT WARNING * * *
The gnoll hits you from afar with a +0 halberd.
* * * LOW HITPOINT WARNING * * *
Harold hits you but does no damage.
You completely miss Harold.
Harold is almost dead.
You feel sick.
You slash Harold!
You kill Harold!
Trog accepts your kill.
Trog appreciates your killing of a magic user.
Harold groans, "My... family..." and then collapses, dead.
You feel sick.
The gnoll sergeant hits you with a +2 trident of venom!
* * * LOW HITPOINT WARNING * * *
You are lethally poisoned!
Your Fighting skill increases to level 5!
Your Armour skill increases to level 4!
Your Dodging skill increases to level 4!
You slice the gnoll sergeant!!
Your headbutt misses the gnoll sergeant.
The gnoll sergeant is severely wounded.
* * * LOW HITPOINT WARNING * * *
You feel very sick.
The gnoll hits you from afar with a +0 halberd.
* * * LOW HITPOINT WARNING * * *
The gnoll hits you from afar with a +0 halberd.
You die...

###...###
#..##
###...###
#..# #
###...###
#W.# ###.###
#...###
#..###.......
..###
#g..†).# .##
#gS##### ##
#gg# #)g#
#@## #.##
#J.# #..#
#.... #..###
#..# #..# ##
#...


You could see a phantom, a water moccasin, a gnoll sergeant, a jelly and 4
gnolls.

Vanquished Creatures
  Harold (D:7)
  Maggie (D:7)
  A water moccasin (D:7)
  Duvessa (D:5)
  2 ice beasts
  A sky beast (D:6)
  A gnoll sergeant (D:5)
  7 scorpions (D:5)
  Dowan (D:5)
  A water moccasin skeleton (D:4)
  4 killer bees (D:7)
  An electric eel (D:6)
  A bullfrog zombie (D:6)
  2 jellies
  A hound (D:6)
  3 orc priests
  An iguana (D:5)
  3 orc wizards (D:6)
  A mummy (D:5)
  9 gnolls
  4 adders
  A shadow imp (D:7)
  A white imp (D:6)
  An ufetubus (D:5)
  2 adder skeletons (D:4)
  2 worms (D:2)
  4 dart slugs
  7 orcs
  14 bats
  3 endoplasms
  3 giant cockroaches
  6 goblins
  10 hobgoblins
  8 jackals (D:3)
  4 quokkas
  9 ball pythons
  A frilled lizard (D:1)
  8 kobolds
  A kobold zombie (D:5)
  An orc zombie (D:5)
  5 rats
138 creatures vanquished.

Vanquished Creatures (others)
  2 fungi
  9 plants
11 creatures vanquished.

Grand Total: 149 creatures vanquished

Notes
Turn   | Place    | Note
-------+----------+-------------------------------------------
     0 | D:1      | raph the Minotaur Berserker began the quest for the Orb.
     0 | D:1      | Reached XP level 1. HP: 19/19 MP: 0/0
     3 | D:1      | Noticed an electric eel
     4 | D:1      | Noticed an electric eel
   175 | D:1      | Reached skill level 4 in Long Blades
   546 | D:1      | Reached XP level 2. HP: 20/26 MP: 1/1
   617 | D:1      | Found a faded altar of an unknown god.
  1156 | D:1      | Reached skill level 5 in Long Blades
  1159 | D:1      | Reached XP level 3. HP: 18/31 MP: 2/2
  1868 | D:2      | Reached ** piety under Trog
  2681 | D:3      | Reached skill level 6 in Long Blades
  2681 | D:3      | Reached XP level 4. HP: 38/39 MP: 3/3
  3766 | D:4      | Found a staircase to the Ecumenical Temple.
  3949 | D:4      | Reached skill level 7 in Long Blades
  3949 | D:4      | Reached XP level 5. HP: 45/45 MP: 4/4
  4067 | D:4      | Found a shimmering blue altar of Sif Muna.
  4466 | D:4      | Noticed an ice beast
  4471 | D:4      | Killed an ice beast
  4472 | D:4      | Reached skill level 8 in Long Blades
  4472 | D:4      | Reached XP level 6. HP: 51/51 MP: 5/5
  4771 | D:5      | Entered Level 5 of the Dungeon
  4848 | D:5      | Noticed Dowan
  4849 | D:5      | Noticed Duvessa
  4858 | D:5      | Killed Dowan
  4861 | D:5      | Killed Duvessa
  4862 | D:5      | Reached skill level 9 in Long Blades
  5125 | D:5      | Reached XP level 7. HP: 9/57 MP: 6/6
  5141 | D:5      | HP: 2/57 [gnoll (8)]
  5167 | D:6      | Reached skill level 10 in Long Blades
  5805 | D:5      | Found Heowasel's Book Shoppe.
  5819 | D:5      | Reached skill level 11 in Long Blades
  6480 | D:5      | Identified the +10 war axe of a Gauntlet {vorpal, Str+4
                  | Int+2 Dex+6}
  6499 | D:5      | Found a shimmering altar of Xom.
  6594 | D:5      | Reached XP level 8. HP: 41/64 MP: 7/7
  6880 | D:5      | Reached skill level 12 in Long Blades
  7804 | D:6      | Reached skill level 13 in Long Blades
  7982 | D:6      | Found a blossoming altar of Fedhas.
  8032 | D:6      | Found a stormy altar of Qazlal.
  8571 | D:7      | Noticed Maggie
  8589 | D:7      | Killed Maggie
  8590 | D:7      | Reached skill level 14 in Long Blades
  8742 | D:7      | Reached XP level 9. HP: 71/71 MP: 5/8
  8801 | D:7      | Noticed Harold
  8827 | D:7      | Killed Harold
  8828 | D:7      | Reached skill level 5 in Fighting
  8828 | D:7      | HP: 4/111 [poisoned by a gnoll sergeant]
  8828 | D:7      | HP: 1/111 [gnoll (3)]
  8828 | D:7      | Slain by a gnoll

Illustrated notes

Levels and vault maps discovered:
D:1:      arrival_aquarium_b, layout_loops_ring, serial_forest,
          infiniplex_forest_clump_medium, infiniplex_forest_fountain,
          infiniplex_forest_clump_small, infiniplex_forest_straight_3,
          infiniplex_forest_clump_large, infiniplex_forest_clump_small,
          infiniplex_forest_clump_small, infiniplex_forest_corner_1,
          infiniplex_forest_clump_C, nicolae_ecumenical_snake_handling,
          minmay_surrounded
D:2:      layout_basic
D:3:      layout_basic
D:4:      layout_loops_ring, mainiacjoe_overflow_paths,
          minmay_temple_entry_gardened_gates, nrook_uturn
D:5:      old_forge, layout_cave_pools, lemuel_doored_altar,
          serial_co_window_serial, co_window_paths_a,
          co_window_of_opportunity_a, co_window_paths_b, co_window_corner_a,
          co_window_corner_a, co_window_broadway_c, co_window_unsneaky_path_c,
          co_window_paths_c, co_window_2corner, co_window_paths_d,
          nicolae_ossuary_entry_giza, serial_shops, shop_fountains,
          chequers_serial_rivers_micro_d, sigmund_army, uniq_duvessa
D:6:      layout_cave_pools, grunt_temple_overflow_forces_of_nature,
          minmay_misc_feat_hallway, minmay_crystal_water
D:7:      minmay_the_grid_triangle_9x9_recursive_2
          [minmay_the_grid_triangle_9x9_prize_center,
          minmay_the_grid_triangle_9x9_descending_squares,
          minmay_the_grid_triangle_9x9_windchime,
          minmay_the_grid_triangle_9x9_checkered], layout_loops_ring,
          mainiacjoe_overflow_concentric_impassable, moated_statue,
          grunt_ministairs_5, uniq_maggie, uniq_harold

Skill      XL: |  1  2  3  4  5  6  7  8  9 |
---------------+----------------------------+-----
Long Blades    | 4 5 6 7 8 9 11 14 | 14.0
Fighting       | 5 |  5.4
Armour         | 4 |  4.7
Dodging        | 4 |  4.2

Action                   |  1- 3 |  4- 6 |  7- 9 || total
-------------------------+-------+-------+-------++-------
Melee: Falchion          |   105 |    91 |   176 ||   372
       Headbutt          |    16 |    18 |    39 ||    73
       Punch             |     1 |       |       ||     1
Invok: Berserk           |     1 |     4 |     9 ||    14
       Trog's Hand       |       |     1 |     5 ||     6
  Use: Scroll            |       |     7 |     4 ||    11
       Potion            |       |       |     1 ||     1
Armor: Animal skin       |    18 |       |       ||    18
       Leather armour    |       |    10 |    16 ||    26
       Chain mail        |       |       |    15 ||    15
Dodge: Dodged            |    66 |    58 |    77 ||   201
Block: Buckler           |       |       |     2 ||     2
